General information
			
			
        
        - name: BNet
 
        - type: Ladder team game (AT/RT)
 
        - host: Battle.net
 
        - saver: thelaghotel
 
        
map: PhantomGrove 
        - players: 4
 
        - length: 14:57
 
        - speed: Fast
 - version: 1.22 W3XP
 - replay type:  Public
 
» download(62 KB)
Players
        team 1 (loser) 
              
              
diduseeitmitch (
pink | 56 APM | 721 actions | 12:50)
              
 4 Mountain King 
 2 Storm Bolt
 2 Bash
 
                » actions 
                
                | Assign group hotkey | 78 |  | 
| Build / train | 27 |  | 
| ESC pressed | 5 |  | 
| Enter build submenu | 12 |  | 
| Enter hero's abilities submenu | 4 |  | 
| Right click | 368 |  | 
| Select / deselect | 116 |  | 
| Select group hotkey | 75 |  | 
| Use ability | 36 |  | 
                721 total
 » units 
                » upgrades
                » buildings
                
                | Barracks | 1 |  | 
| Blacksmith | 1 |  | 
| Farm | 4 |  | 
| Altar of Kings | 1 |  | 
| Lumber Mill | 1 |  | 
| Keep | 1 |  | 
| Arcane Vault | 1 |  | 
| Scout Tower | 1 |  | 
| Guard Tower | 1 |  | 
                12 total
 » build order
                00:17 Barracks
00:29 Blacksmith
00:54 Farm
01:52 Farm
02:05 Altar of Kings
02:45 Lumber Mill
04:20 Farm
04:53 Keep
05:01 Arcane Vault
05:22 Scout Tower
05:25 Farm
05:58 Guard Tower
» items
                
                | Scroll of Regeneration | 2 |  | 
| Lesser Clarity Potion | 1 |  | 
| Scroll of Town Portal | 1 |  | 
| Potion of Lesser Invulnerability | 1 |  | 
| Scroll of Healing | 1 |  | 
                6 total
  
               
              
              
imissedit420 (
yellow | 46 APM | 680 actions | 14:56)
              
 3 Dark Ranger 
 1 Black Arrow
 2 Life Drain
 1 Keeper of the Grove 
 1 Entangling Roots
 
                » actions 
                
                | Basic commands | 14 |  | 
| Build / train | 54 |  | 
| Enter build submenu | 21 |  | 
| Enter hero's abilities submenu | 4 |  | 
| Remove unit from queue | 3 |  | 
| Right click | 307 |  | 
| Select / deselect | 255 |  | 
| Use ability | 22 |  | 
                680 total
 » units 
                
                | Wisp | 23 |  | 
| Archer | 6 |  | 
| Glaive Thrower | 1 |  | 
| Chimaera | 7 |  | 
| Hippogryph | 4 |  | 
                41 total
 » upgrades
                
                | Strength of the Wild | 1 |  | 
| Reinforced Hides | 1 |  | 
                2 total
 » buildings
                
                | Ancient of War | 1 |  | 
| Moon Well | 9 |  | 
| Altar of Elders | 1 |  | 
| Tree of Ages | 1 |  | 
| Hunter's Hall | 1 |  | 
| Tree of Life | 1 |  | 
| Tree of Eternity | 1 |  | 
| Ancient of Wind | 1 |  | 
| Chimaera Roost | 3 |  | 
                19 total
 » build order
                00:20 Ancient of War
00:26 Moon Well
01:19 Altar of Elders
01:29 Moon Well
02:42 Tree of Ages
03:47 Moon Well
04:24 Hunter's Hall
04:43 Tree of Life
05:21 Tree of Eternity
06:08 Ancient of Wind
07:46 Chimaera Roost
07:53 Chimaera Roost
09:07 Chimaera Roost
09:16 Moon Well
09:20 Moon Well
09:24 Moon Well
12:04 Moon Well
12:06 Moon Well
12:08 Moon Well
 
               team 2 (winner) 
              
              
Le_Parkour (
orange | 35 APM | 528 actions | 14:57)
              
 3 Keeper of the Grove 
 2 Entangling Roots
 1 Thorns Aura
 
                » actions 
                
                | Assign group hotkey | 10 |  | 
| Basic commands | 94 |  | 
| Build / train | 43 |  | 
| Enter build submenu | 14 |  | 
| Enter hero's abilities submenu | 4 |  | 
| Right click | 142 |  | 
| Select / deselect | 171 |  | 
| Select group hotkey | 23 |  | 
| Use ability | 27 |  | 
                528 total
 » units 
                » upgrades
                
                | Strength of the Moon | 2 |  | 
| Moon Armor | 1 |  | 
                3 total
 » buildings
                
                | Altar of Elders | 1 |  | 
| Moon Well | 10 |  | 
| Ancient of War | 2 |  | 
| Ancient of Wonders | 1 |  | 
| Tree of Ages | 1 |  | 
| Hunter's Hall | 1 |  | 
                16 total
 » build order
                00:08 Altar of Elders
00:12 Moon Well
00:16 Ancient of War
02:07 Moon Well
02:32 Moon Well
02:41 Moon Well
03:46 Ancient of War
04:01 Moon Well
04:33 Ancient of Wonders
05:24 Moon Well
06:18 Moon Well
08:30 Tree of Ages
09:15 Hunter's Hall
10:47 Moon Well
10:48 Moon Well
10:49 Moon Well
 
               
              
              
» 
thelaghotel (
purple | 79 APM | 1187 actions | 14:57)
              
 3 Warden 
 2 Fan of Knives
 1 Blink
 1 Priestess of the Moon 
 1 Searing Arrows
 
                » actions 
                
                | Assign group hotkey | 219 |  | 
| Basic commands | 48 |  | 
| Build / train | 57 |  | 
| Enter build submenu | 23 |  | 
| Enter hero's abilities submenu | 4 |  | 
| Right click | 448 |  | 
| Select / deselect | 276 |  | 
| Select group hotkey | 45 |  | 
| Use ability | 67 |  | 
                1187 total
 » units 
                
                | Wisp | 22 |  | 
| Huntress | 6 |  | 
| Archer | 6 |  | 
| Dryad | 5 |  | 
                39 total
 » upgrades
                
                | Strength of the Moon | 1 |  | 
| Moon Armor | 1 |  | 
| Improved Bows | 2 |  | 
| Abolish Magic | 1 |  | 
| Nature's Blessing | 1 |  | 
                6 total
 » buildings
                
                | Altar of Elders | 1 |  | 
| Moon Well | 5 |  | 
| Hunter's Hall | 1 |  | 
| Ancient of War | 2 |  | 
| Ancient Protector | 3 |  | 
| Tree of Ages | 1 |  | 
| Tree of Life | 1 |  | 
| Ancient of Lore | 2 |  | 
| Ancient of Wonders | 1 |  | 
                17 total
 » build order
                00:08 Altar of Elders
00:22 Moon Well
01:52 Hunter's Hall
01:54 Ancient of War
02:04 Moon Well
02:31 Ancient of War
03:28 Ancient Protector
03:32 Ancient Protector
03:38 Ancient Protector
06:02 Moon Well
07:02 Tree of Ages
07:45 Tree of Life
08:44 Moon Well
09:16 Moon Well
10:07 Ancient of Lore
10:10 Ancient of Lore
12:03 Ancient of Wonders
» items
                
                | Staff of Preservation | 1 |  | 
| Moonstone | 1 |  | 
| Potion of Healing | 1 |  | 
                3 total
  
                Chat log
          (00:21 / Allies) Le_Parkour: so
(00:23 / Allies) Le_Parkour: ima go arch
(00:26 / Allies) thelaghotel: k
(00:27 / Allies) Le_Parkour: and kotg
(00:36 / Allies) thelaghotel: am?
(00:44 / Allies) Le_Parkour: am=?
(00:57 / Allies) Le_Parkour: antyiomage?
(01:01 / Allies) thelaghotel: lol
(01:31 / Allies) thelaghotel: hes noob
(02:20 / Allies) Le_Parkour: im about ready lol
(02:26 / Allies) thelaghotel: k
(02:27 / Allies) thelaghotel: good
(03:29 / Allies) Le_Parkour: you goin hunts?
(03:39 / Allies) thelaghotel: yea
(03:48 / Allies) thelaghotel: we win this 
(03:49 / Allies) thelaghotel: very soon
(03:53 / Allies) Le_Parkour: ok
(04:06 / Allies) thelaghotel: going to eat thru this trees
(04:07 / Allies) thelaghotel: and siege
(04:09 / Allies) thelaghotel: from behind
(04:17 / Allies) Le_Parkour: lol
(04:29 / Allies) thelaghotel: k
(04:30 / Allies) thelaghotel: come to me
(05:05 / Allies) Le_Parkour: wait for me!
(05:32 / Allies) thelaghotel: stay
(05:32 / Allies) thelaghotel: here
(05:43 / Allies) Le_Parkour: thats baller
(07:10 / Allies) Le_Parkour: nj
(07:14 / Allies) Le_Parkour: aesome idea
(07:19 / Allies) thelaghotel: u pwn dota
(07:21 / Allies) thelaghotel: i pwn thi sgame
(07:22 / Allies) thelaghotel: =-)
(07:50 / Allies) thelaghotel: now its my base
(07:52 / Allies) thelaghotel: lolol
(07:54 / Allies) Le_Parkour: lol
(08:27 / All) thelaghotel: gg?
(08:59 / All) imissedit420: good strat
(09:09 / All) thelaghotel: ty =)
(11:25 / Allies) Le_Parkour: aww my hero died
(12:00 / Allies) Le_Parkour: damn air
(12:21 / All) thelaghotel: lol
(12:23 / All) thelaghotel: aoe killed him
(12:24 / All) thelaghotel: hilarious
(12:32 / All) thelaghotel: my potm leveled up twice
(12:33 / All) thelaghotel: =_
(12:46 / Allies) Le_Parkour: ncie dryads
(13:01 / Allies) Le_Parkour: ty
(13:11 / Allies) thelaghotel: np
(13:27 / Allies) Le_Parkour: hero is about up
(13:30 / Allies) thelaghotel: same
(13:32 / Allies) Le_Parkour: and then we rape him?>
(13:34 / Allies) thelaghotel: yea
(13:46 / Allies) thelaghotel: lol
(13:50 / Allies) thelaghotel: like that sneak attack
(14:01 / Allies) Le_Parkour: ima go there
(14:18 / Allies) Le_Parkour: gotta love ne
(14:18 / Allies) thelaghotel: lub
(14:20 / Allies) thelaghotel: lumb
(14:35 / Allies) thelaghotel: lumb?